 Dungeon Crawl Stone Soup version 0.31.0-12-g77e489cdc1 (webtiles) character file.

Game seed: 410817632976763646

34266 Kallik the Summoner (level 13, -3/82 HPs)
             Began as a Tengu Summoner on Feb 12, 2024.
             Was a High Priest of Cheibriados.
             Slain by a cane toad (18 damage)
             ... on level 4 of the Lair of Beasts.
             The game lasted 00:50:00 (20408 turns).

Kallik the Summoner (Tengu Summoner)               Turns: 20408, Time: 00:50:01

Health: -3/82      AC: 18    Str: 23    XL:     13   Next: 76%
Magic:  13/33      EV: 21    Int: 34    God:    Cheibriados [*****.]
Gold:   766        SH:  5    Dex: 29    Spells: 7/26 levels left

rFire   + . .        a - +5 short sword
rCold   . . .        (no shield)
rNeg    . . .        F - +5 scale mail {rF+}
rPois   .            u - +2 hat
rElec   .            (no cloak)
rCorr   .            N - +2 pair of gloves {Stlth+}
SInv    .            (boots unavailable)
Will    .....        A - amulet of reflection
Stlth   ++++         M - ring of magical power
HPRegen 0.33/turn    E - +5 ring of evasion
MPRegen 0.23/turn

%: reflection, acrobat
@: flying, very slow
A: beak, talons 3, evasive flight, acrobatic
a: Renounce Religion, Bend Time, Temporal Distortion, Slouch, Step From Time


You were on level 4 of the Lair of Beasts.
You worshipped Cheibriados.
Cheibriados was extremely pleased with you.
You visited 3 branches of the dungeon, and saw 16 of its levels.
You also visited: Volcano.

You collected 766 gold pieces.


Innate Abilities, Weirdness & Mutations

You have a beak for a mouth.
You have claws for feet.
Your magical flight helps you evade attacks. (EV +4)
You can magically evade attacks while moving or waiting.


   Skills:
 - Level 10.0 Fighting
 + Level 5.3 Maces & Flails
 - Level 8.0 Armour
 - Level 2.1 Dodging
 - Level 6.0 Stealth
 - Level 7.0 Spellcasting
 - Level 14.0 Summonings
 - Level 10.0 Air Magic
 - Level 9.0 Invocations
 - Level 4.0 Evocations


You had 7 spell levels left.
You knew the following spells:

 Your Spells              Type           Power      Damage    Failure   Level
a - Airstrike             Air            34%        2d(5-21)  1%          4
c - Call Imp              Summ           100%       N/A       1%          2
f - Call Canine Familiar  Summ           82%        N/A       1%          3
g - Summon Cactus Giant   Summ           41%        N/A       3%          6
l - Summon Lightning Spi  Summ/Air       76%        N/A       1%          4

Your spell library contained the following spells:

 Spells                   Type           Power      Damage    Failure   Level
 Summon Small Mammal      Summ           100%       N/A       1%          1
 Static Discharge         Conj/Air       90%        3-7/arc   1%          2
 Summon Blazeheart Golem  Fire/Summ      56%        N/A       4%          4
 Apportation              Tloc           22%        N/A       8%          1
 Necrotise                Necr           44%        1d6       8%          1
 Slow                     Hex            44%        N/A       8%          1
 Sting                    Conj/Alch      44%        1d5       8%          1
 Scorch                   Fire           22%        2d5       12%         2
 Confusing Touch          Hex            11%        N/A       24%         3
 Frozen Ramparts          Ice            22%        1d4       24%         3
 Inner Flame              Hex/Fire       11%        N/A       24%         3
 Sigil of Binding         Hex            11%        N/A       24%         3
 Tukima's Dance           Hex            11%        N/A       24%         3
 Vampiric Draining        Necr           11%        2d6       24%         3
 Dimensional Bullseye     Hex/Tloc       5%         N/A       61%         4
 Flame Wave               Conj/Fire      11%        2d6       61%         4
 Ignite Poison            Fire/Alch      11%        N/A       61%         4
 Iskenderun's Mystic Bla  Conj/Tloc      11%        2d4       61%         4
 Leda's Liquefaction      Alch/Erth      5%         N/A       61%         4
 Petrify                  Alch/Erth      11%        N/A       61%         4
 Sticky Flame             Fire/Alch      11%        2d5       61%         4
 Metabolic Englaciation   Hex/Ice        5%         N/A       91%         5
 Ignition                 Fire           5%         3d4       100%        8

Inventory:

Hand Weapons
 a - a +5 short sword (weapon)
 b - a +0 whip of electrocution
 h - a +4 scimitar
 O - a +2 quick blade of flaming
Missiles
 z - a throwing net {=f}
Armour
 u - a +2 hat (worn)
 D - a +2 robe of resistance
 F - a +5 scale mail of fire resistance (worn)
 N - a +2 pair of gloves of stealth (worn)
Jewellery
 v - a ring of see invisible
 A - an amulet of reflection (around neck)
 E - a +5 ring of evasion (right hand)
 M - a ring of magical power (left hand)
Wands
 q - a wand of polymorph (4)
 t - a wand of paralysis (26)
 y - a wand of flame (17)
 B - a wand of mindburst (9)
 K - a wand of iceblast (6)
Scrolls
 d - a scroll of fear
 e - 3 scrolls of teleportation {@r2}
 f - 3 scrolls of revelation
 j - a scroll of blinking
 k - 2 scrolls of noise
 m - a scroll of immolation
 p - 3 scrolls of summoning
 w - 2 scrolls of poison
 H - 2 scrolls of amnesia
 I - 2 scrolls of fog
Potions
 c - 2 potions of might
 i - 3 potions of curing {@q1}
 l - 2 potions of resistance
 n - 2 potions of invisibility
 o - 2 potions of heal wounds {@q2}
 r - 3 potions of mutation
 s - a potion of ambrosia {unknown}
 x - 2 potions of lignification
 C - 3 potions of magic
 G - 4 potions of brilliance
 J - a potion of cancellation
 P - a potion of attraction {unknown}
 Q - a potion of enlightenment {unknown}

Dungeon Overview and Level Annotations

Branches:
Dungeon (11/15)            Temple (1/1) D:6            Lair (4/5) D:10
 Shoals (0/4) Lair:2        Snake (0/4) Lair:2      Volcano (visited)
  Slime: Lair:4-5       Orc: D:9-12

Altars:
Ashenzari
Cheibriados
Dithmenos
Elyvilon
Fedhas
Gozag
Hepliaklqana
Kikubaaqudgha
Makhleb
Nemelex Xobeh
Okawaru
Qazlal
Ru
Sif Muna
Trog
Uskayaw
Vehumet
Wu Jian
Xom
Yredelemnul
Zin
The Shining One

Shops:
D:4 (

Annotations:
D:6 1 runed translucent door, MuppetCentipede's ghost, novice MiMo

..##...P...#.#.
.................
.................
..................
...................
...................
...............=...
........F.Y8.......
.......C@Y..$.....
.#P.....†........
#...............
##..............
#...............
##..............
#..............
#..[..........
###.........#


You could see 2 death yaks, a cane toad, a friendly lightning spire (summoned)
and a friendly cactus giant (summoned).


Message History

Your lightning spire shoots out a bolt of lightning at the death yak!
The bolt of electricity hits the death yak! x2
The death yak dies!
Cheibriados appreciates the change of pace.
The death yak completely misses you.
You hit the death yak.
You punch the death yak, but do no damage.
The death yak is moderately wounded.
The death yak gores you!
* * * LOW HITPOINT WARNING * * *
The death yak gores you.
* * * LOW HITPOINT WARNING * * *
The death yak completely misses you.
Your cactus giant hits the death yak with a +0 giant spiked club!!
The death yak dies!
Cheibriados appreciates the change of pace.
Your lightning spire shoots out a bolt of lightning at the death yak!
The bolt of electricity hits the death yak!
Training target 4.0 for Evocations reached!
Your Evocations skill increases to level 4!
You need to enable at least one skill for training.
Unknown command.
You hit the death yak. You claw the death yak.
The death yak is severely wounded.
The cane toad barely misses you.
The death yak gores you but does no damage.
The death yak gores you.
* * * LOW HITPOINT WARNING * * *
The cane toad stings you!!
You die...

Skill      XL: |  1  2  3  4  5  6  7  8  9 10 11 12 13 |
---------------+----------------------------------------+-----
Fighting       | 1 2 3 4 5 6 7 10 | 10.0
Summonings     | 5 6 7 8 9 10 11 14 | 14.0
Stealth        | 4 6 |  6.0
Air Magic      | 3 8 10 | 10.0
Spellcasting   | 3 5 6 7 |  7.0
Invocations    | 4 7 9 |  9.0
Maces & Flails | 4 5 |  5.3
Armour         | 4 5 7 8 |  8.0
Evocations     | 4 |  4.0
Dodging        | |  2.1

Action                     |  1- 3 |  4- 6 |  7- 9 | 10-12 | 13-15 || total
---------------------------+-------+-------+-------+-------+-------++-------
  Melee: Dagger            |    67 |    73 |    64 |       |       ||   204
         Kick              |    14 |    31 |    44 |    99 |    58 ||   246
         Peck              |     8 |     8 |    27 |    67 |    34 ||   144
         Punch             |       |       |     3 |     3 |     3 ||     9
         Whip              |       |       |    66 |   152 |       ||   218
         Short sword       |       |       |       |   120 |   110 ||   230
   Cast: Summon Small Mamm |    12 |     1 |       |       |       ||    13
         Call Imp          |    18 |    18 |     5 |     7 |       ||    48
         Call Canine Famil |       |     9 |    20 |    25 |     1 ||    55
         Summon Lightning  |       |       |    18 |    70 |    24 ||   112
         Summon Cactus Gia |       |       |       |     5 |    14 ||    19
 Invoke: Slouch            |       |       |       |     1 |     1 ||     2
  Evoke: Wand              |       |       |       |       |     2 ||     2
    Use: Scroll            |       |       |     5 |    17 |     2 ||    24
         Potion            |       |       |     1 |     1 |       ||     2
   Stab: Sleeping          |     1 |     7 |     1 |     2 |       ||    11
         Distracted        |       |     1 |       |     9 |     7 ||    17
 Armour: Robe              |    49 |    39 |    56 |    32 |       ||   176
         Scale mail        |       |       |       |   137 |    67 ||   204
  Dodge: Dodged            |    75 |    57 |   151 |   436 |   135 ||   854
  Block: Other             |       |       |    27 |    88 |    30 ||   145
         Reflection        |       |       |     1 |     2 |     2 ||     5

Levels and vault maps discovered:
D:1:      tarquinn_simple_flora_water_e, layout_basic
D:2:      layout_loops_cross, ebering_ecumenical_altar_rust, uniq_terence
D:3:      layout_loops_ring, nicolae_ru_sacrificial_ziggurat, serial_rivers,
          chequers_serial_rivers_large_b, chequers_serial_rivers_small_a,
          chequers_serial_rivers_small_3, chequers_serial_rivers_marsh,
          chequers_serial_rivers_micro_c, hangedman_decor_opposing,
          eino_tiny_chamber, uniq_grinder
D:4:      cheibrodos_quashed, layout_loops_ring, bloody_makhleb, serial_shops,
          nicolae_shop_drivethru
D:5:      layout_basic
D:6:      cheibrodos_helix_gallery, layout_loops_ring,
          nemelex_dance_club_becter, xom_teletrap_fun,
          trog_three_pillars_becter, temple_hall, gammafunk_ghost_grave,
          uniq_pikel
D:7:      layout_loops_ring, enter_bailey_6, minmay_misc_feat_doors,
          reono_crystal_passage
D:8:      layout_basic
D:9:      layout_layer_cave, kennysheep_mini, hangedman_abyss_or_decor_passed,
          minmay_crystal_water, kennysheep_generic_room_11
D:10:     layout_cross, grunt_lair_entry_orc_guard_hut, roderic_roman_lattice
D:11:     layout_grid_maze, fedhas_altar_fruit_tree
Temple:   nicolae_temple_elliptical
Lair:1:   layout_cave_pods, wad_woods_road_05, serial_bayou_shore_b,
          lemuel_fruit_tree, infiniplex_staircase_pool_2
Lair:2:   layout_small_grid, minmay_shoals_entry_hut,
          minmay_snake_entry_spellcaster, gammafunk_ghost_grave,
          chequers_serial_rivers_micro_c
Lair:3:   layout_loops_ring, enter_volcano_3, eino_house_with_fridge
Lair:4:   layout_cave_pods

Notes
Turn   | Place    | Note
-------+----------+-------------------------------------------
     0 | D:1      | Kallik the Tengu Summoner began the quest for the Orb.
     0 | D:1      | Reached XP level 1. HP: 10/10 MP: 4/4
    44 | D:1      | Reached skill level 1 in Fighting
   141 | D:1      | Reached XP level 2. HP: 16/16 MP: 6/6
   207 | D:1      | Reached skill level 2 in Fighting
   261 | D:1      | Learned a level 2 spell: Call Imp
   480 | D:1      | Reached skill level 5 in Summonings
   824 | D:1      | Reached XP level 3. HP: 22/22 MP: 7/7
  1325 | D:2      | Found a faded altar of an unknown god.
  1453 | D:2      | Reached skill level 3 in Fighting
  1824 | D:2      | Reached XP level 4. HP: 24/28 MP: 8/8
  2135 | D:2      | Learned a level 3 spell: Call Canine Familiar
  2449 | D:2      | Noticed Terence
  2476 | D:2      | Killed Terence
  2477 | D:2      | Reached skill level 6 in Summonings
  2514 | D:2      | Reached XP level 5. HP: 32/32 MP: 7/9
  3389 | D:3      | Noticed Grinder
  3414 | D:3      | Paralysed by Grinder for 3 turns
  3417 | D:3      | Killed Grinder
  3418 | D:3      | Reached skill level 7 in Summonings
  3418 | D:3      | Reached skill level 4 in Fighting
  3418 | D:3      | Reached XP level 6. HP: 28/38 MP: 10/10
  3555 | D:3      | Found a sacrificial altar of Ru.
  3846 | D:3      | Reached skill level 8 in Summonings
  4196 | D:4      | Gained mutation: Your magical flight helps you evade
                  | attacks. (EV +4) [Tengu growth]
  4196 | D:4      | Reached XP level 7. HP: 43/43 MP: 11/11
  4209 | D:4      | Found a burning altar of Makhleb.
  4354 | D:4      | Found a transporter.
  4354 | D:4      | Found Dygiroda's Weapon Boutique.
  4411 | D:4      | Found a transporter.
  4428 | D:4      | Reached skill level 9 in Summonings
  4827 | D:5      | Entered Level 5 of the Dungeon
  5219 | D:5      | Reached skill level 3 in Stealth
  5681 | D:5      | Learned a level 4 spell: Summon Lightning Spire
  6099 | D:5      | Reached skill level 4 in Stealth
  6100 | D:5      | Reached skill level 1 in Air Magic
  6326 | D:5      | Reached skill level 2 in Air Magic
  6358 | D:5      | You are sucked into a shaft and drop 2 floors!
  6385 | D:6      | Found a runed translucent door.
  6390 | D:6      | Found a shimmering altar of Xom.
  6518 | D:6      | Found a bloodstained altar of Trog.
  6532 | D:6      | Reached skill level 3 in Air Magic
  6532 | D:6      | Reached XP level 8. HP: 48/48 MP: 12/12
  6665 | D:6      | Reached skill level 4 in Air Magic
  6667 | D:6      | Reached skill level 5 in Air Magic
  6671 | D:6      | Reached skill level 3 in Spellcasting
  6888 | D:6      | Reached skill level 6 in Air Magic
  6925 | D:6      | Reached skill level 7 in Air Magic
  6934 | D:6      | Reached skill level 5 in Fighting
  7090 | D:6      | Noticed a nameless horror
  7438 | D:6      | Reached skill level 8 in Air Magic
  7440 | D:6      | Found a sparkling altar of Nemelex Xobeh.
  7505 | D:6      | Identified a +2 robe of resistance
  7505 | D:6      | Noticed Pikel
  7516 | D:6      | Killed Pikel
  7517 | D:6      | Reached skill level 5 in Stealth
  7517 | D:6      | Reached skill level 6 in Stealth
  7517 | D:6      | Reached XP level 9. HP: 54/54 MP: 14/14
  7539 | D:6      | Killed a nameless horror
  7563 | D:6      | Found a staircase to the Ecumenical Temple.
  7614 | Temple   | Entered the Ecumenical Temple
  7632 | Temple   | Became a worshipper of Cheibriados the Contemplative
  7687 | D:6      | Noticed MuppetCentipede's ghost (novice MiMo)
  7898 | D:7      | Noticed a green ugly thing
  7906 | D:7      | Killed a green ugly thing
  7907 | D:7      | Reached skill level 6 in Fighting
  7907 | D:7      | Reached skill level 2 in Invocations
  8074 | D:7      | Identified a potion of resistance
  8302 | D:7      | Reached skill level 3 in Invocations
  8638 | D:7      | Reached skill level 10 in Summonings
  8665 | D:7      | Reached skill level 4 in Invocations
  8666 | D:7      | Reached * piety under Cheibriados
  8710 | D:7      | Reached XP level 10. HP: 60/60 MP: 15/15
  8932 | D:8      | Reached skill level 5 in Invocations
  9097 | D:8      | Noticed a two-headed ogre
  9112 | D:8      | Killed a two-headed ogre
  9113 | D:8      | Reached skill level 6 in Invocations
  9545 | D:8      | Reached skill level 1 in Maces & Flails
  9545 | D:8      | Reached skill level 1 in Armour
  9770 | D:8      | Reached skill level 2 in Maces & Flails
  9864 | D:8      | Reached skill level 2 in Armour
  9969 | D:9      | Identified the +6 hand axe "Tengu's Death" {antimagic,
                  | rElec rC++ rN++}
 10066 | D:9      | Reached ** piety under Cheibriados
 10069 | D:9      | Reached skill level 7 in Invocations
 10252 | D:9      | Reached skill level 3 in Maces & Flails
 10342 | D:9      | Reached skill level 3 in Armour
 10408 | D:9      | Noticed a two-headed ogre
 10416 | D:9      | Killed a two-headed ogre
 10417 | D:9      | Reached skill level 4 in Maces & Flails
 10448 | D:9      | Found an ornate altar of the Wu Jian Council.
 10566 | D:9      | Reached skill level 4 in Armour
 10631 | D:9      | Identified the +4 scale mail of Winter {Rampage Str+5}
 10652 | D:9      | Reached *** piety under Cheibriados
 10824 | D:9      | Reached XP level 11. HP: 58/64 MP: 17/17
 11511 | D:10     | Entered Level 10 of the Dungeon
 11681 | D:9      | Reached skill level 5 in Maces & Flails
 11681 | D:9      | Reached skill level 5 in Armour
 11682 | D:9      | Reached skill level 8 in Invocations
 11790 | D:10     | Learned a level 4 spell: Airstrike
 11882 | D:10     | Reached skill level 9 in Air Magic
 12038 | D:10     | Found a staircase to the Lair.
 12173 | D:10     | Reached **** piety under Cheibriados
 12556 | D:11     | Found a blossoming altar of Fedhas.
 12608 | D:11     | Noticed a cyclops
 12618 | D:11     | Killed a cyclops
 12723 | D:11     | Noticed a manticore
 12731 | D:11     | Killed a manticore
 12732 | D:11     | Reached skill level 9 in Invocations
 12860 | D:11     | Paralysed by a hornet for 2 turns
 13195 | D:11     | Reached skill level 10 in Air Magic
 13206 | D:11     | Reached skill level 4 in Spellcasting
 13387 | D:11     | Noticed a two-headed ogre
 13398 | D:11     | Killed a two-headed ogre
 13399 | D:11     | Reached skill level 11 in Summonings
 14791 | Lair:1   | Entered Level 1 of the Lair of Beasts
 14809 | Lair:1   | Reached skill level 5 in Spellcasting
 14809 | Lair:1   | Reached XP level 12. HP: 70/70 MP: 20/20
 15436 | Lair:1   | Reached skill level 6 in Spellcasting
 15436 | Lair:1   | Reached skill level 12 in Summonings
 15443 | Lair:1   | Learned a level 6 spell: Summon Cactus Giant
 15569 | Lair:1   | Reached ***** piety under Cheibriados
 16040 | Lair:2   | Noticed a skyshark
 16045 | Lair:2   | Killed a skyshark
 16398 | Lair:1   | Reached skill level 7 in Fighting
 16630 | Lair:2   | Identified a +2 robe of resistance
 16640 | Lair:2   | Reached skill level 13 in Summonings
 16671 | Lair:2   | Noticed a five-headed hydra
 16677 | Lair:2   | Killed a five-headed hydra
 16717 | Lair:2   | Found a staircase to the Shoals.
 16915 | Lair:2   | Noticed a catoblepas
 16921 | Lair:2   | Killed a catoblepas
 16922 | Lair:2   | Reached skill level 14 in Summonings
 16972 | Lair:2   | Noticed a boulder beetle
 16981 | Lair:2   | Killed a boulder beetle
 17021 | Lair:2   | Reached skill level 6 in Armour
 17162 | Lair:2   | Found a staircase to the Snake Pit.
 17218 | Lair:2   | Reached skill level 7 in Armour
 17244 | Lair:2   | Reached XP level 13. HP: 63/76 MP: 23/23
 17397 | Lair:2   | Found a runed translucent door.
 17398 | Lair:2   | Noticed biznut's ghost (journeyman SpEn)
 17484 | Lair:2   | Reached skill level 8 in Armour
 17895 | Lair:2   | Killed biznut's ghost
 17999 | Lair:3   | Found a dark tunnel.
 18011 | Volcano  | Entered a volcano
 18105 | Volcano  | Reached skill level 8 in Fighting
 18454 | Volcano  | Noticed an orb of fire
 18466 | Volcano  | Reached skill level 9 in Fighting
 18646 | Volcano  | Noticed an orb of fire
 18776 | Volcano  | Noticed a red draconian
 18784 | Volcano  | Killed a red draconian
 18802 | Volcano  | HP: 6/80 [cyclops (16)]
 19150 | Volcano  | Reached skill level 7 in Spellcasting
 19679 | Lair:3   | Reached skill level 1 in Evocations
 19854 | Lair:3   | Reached skill level 2 in Evocations
 20383 | Lair:4   | Reached ****** piety under Cheibriados
 20405 | Lair:4   | Reached skill level 10 in Fighting
 20405 | Lair:4   | Reached skill level 3 in Evocations
 20408 | Lair:4   | Reached skill level 4 in Evocations
 20408 | Lair:4   | Slain by a cane toad

Vanquished Creatures
  A two-headed ogre (D:8)
  A salamander mystic (Volcano)
  A necromancer (Lair:3)
  A cyclops (Volcano)
  A manticore (D:11)
  2 cane toads (Lair:1)
  2 molten gargoyles (Volcano)
  2 komodo dragons (Lair:1)
  Grinder (D:3)
  2 blink frogs (Lair:2)
  8 yaks
  A water elemental (Lair:2)
  2 wyverns
  A nameless horror (D:6)
  A steam dragon (Lair:3)
  6 water moccasins
  A sky beast (D:8)
  An ice beast (D:8)
  2 black bears
  A centaur (D:8)
  4 wolves
  A lemure (D:6)
  A kobold brigand (D:9)
  6 bullfrogs
  2 scorpions
  3 wights
  10 killer bees
  2 howler monkeys (D:9)
  An electric eel (D:9)
  A bombardier beetle (D:7)
  An orc priest (D:5)
  2 orc wizards
  2 yak simulacra (Lair:3)
  2 polar bear simulacra (Lair:3)
  2 adders
  A gnoll (D:2)
  A white imp (D:8)
  4 ufetubi (D:7)
  3 dart slugs
  8 orcs
  5 ball pythons
  4 bats
  4 endoplasms
  4 giant cockroaches (D:2)
  8 goblins
  7 hobgoblins
  3 jackals
  3 quokkas
  A frilled lizard (D:2)
  4 kobolds
  3 rats
  A river rat simulacrum (Lair:3)
142 creatures vanquished.

Vanquished Creatures (collateral kills)
  A red draconian (Volcano)
  A hydra (Lair:2)
  A catoblepas (Lair:2)
  2 boulder beetles
  2 two-headed ogres
  3 death yaks (Lair:4)
  The ghost of biznut the Covert, a journeyman SpEn of Dithmenos (Lair:2)
  A salamander mystic (Volcano)
  3 skysharks
  Pikel (D:6)
  An ugly thing (D:7)
  A salamander (Volcano)
  5 cyclopes
  A guardian serpent (Lair:2)
  2 molten gargoyles (Volcano)
  2 cane toads
  A gargoyle (Volcano)
  A rime drake (Lair:1)
  4 komodo dragons
  A troll (D:9)
  2 polar bears
  A hornet (D:11)
  A snapping turtle (Lair:2)
  5 blink frogs (Lair:2)
  2 shadows (D:11)
  A wyvern (Lair:3)
  A vampire (D:11)
  13 yaks
  A basilisk (D:10)
  3 steam dragons
  2 vampire mosquitoes (D:11)
  An acid dragon (D:11)
  5 water moccasins
  2 hell hounds (Lair:3)
  An ice beast (D:6)
  2 sky beasts
  2 black bears (D:6)
  An ogre (D:6)
  9 wolves
  2 centaurs
  3 lemures (D:6)
  A phantom (D:6)
  8 bullfrogs
  2 scorpions
  12 wights
  11 killer bees
  3 howler monkeys
  2 bombardier beetles
  A hound (D:4)
  4 orc priests
  A jelly (D:6)
  2 sleepcaps
  2 iguanas
  9 orc wizards
  6 hell rats (Lair:2)
  Terence (D:2)
  A wolf simulacrum (Lair:3)
  A yak simulacrum (Lair:3)
  3 polar bear simulacra (Lair:3)
  3 adders
  9 gnolls
  2 shadow imps
  2 dart slugs
  2 ribbon worms
  21 orcs
  2 giant cockroaches
  4 goblins
  5 hobgoblins
  4 jackals
  3 kobolds (D:1)
  A quokka (D:3)
  2 ball pythons (D:1)
  A frilled lizard (D:1)
  2 rats (D:1)
  A river rat simulacrum (Lair:3)
229 creatures vanquished.

Vanquished Creatures (others)
  An orc (D:8)
1 creature vanquished.

Grand Total: 372 creatures vanquished

Table legend: (Time is in decaauts)
 A = Elapsed time spent in this place.
 B = Non-inter-level travel time spent in this place.
 C = Inter-level travel time spent in this place.
 D = Time resting spent in this place.
 E = Time spent auto-exploring this place.
 F = Levels seen in this place.
 G = Mean time per level.
                   A        B        C        D        E       F      G
               +--------+--------+--------+--------+--------+-----+--------+
         Total |  24456 |  23513 |    943 |   5189 |  14734 |  17 | 1438.6 |
       Dungeon |  16665 |  15933 |    732 |   3735 |   9740 |  11 | 1515.0 |
        Temple |     51 |     11 |     40 |      0 |      0 |   1 |   51.0 |
          Lair |   6243 |   6073 |    170 |    860 |   4409 |   4 | 1560.8 |
       Volcano |   1495 |   1495 |      0 |    594 |    584 |   1 | 1495.0 |
               +--------+--------+--------+--------+--------+-----+--------+

Top non-repeatable levels by time:
    D:11: 2828 daAuts
  Lair:1: 2443 daAuts
     D:9: 2364 daAuts
  Lair:2: 2110 daAuts
  Lair:3: 1553 daAuts
 Volcano: 1495 daAuts
     D:1: 1447 daAuts
     D:3: 1351 daAuts
     D:2: 1320 daAuts
     D:5: 1312 daAuts
     D:6: 1306 daAuts
     D:7: 1287 daAuts
     D:8: 1238 daAuts
     D:4: 1155 daAuts
    D:10: 1053 daAuts

Table legend:
 A = Non-vault XP
 B = Vault XP
 C = Vault XP percentage of total XP
 D = Non-vault monster count
 E = Vault monster count
 F = Vault count percentage of total count
                 A         B        C        D         E       F
            +---------+---------+-------+---------+---------+-------
      Total |   35502 |   13450 |  27.5 |     316 |      50 |  13.7
            +---------+---------+-------+---------+---------+-------
        D:1 |      58 |       0 |   0.0 |      27 |       0 |   0.0
        D:2 |      78 |      32 |  29.1 |      27 |       1 |   3.6
        D:3 |     125 |     272 |  68.5 |      21 |       1 |   4.5
        D:4 |     243 |       0 |   0.0 |      15 |       0 |   0.0
        D:5 |     314 |       0 |   0.0 |      20 |       0 |   0.0
        D:6 |    1129 |     845 |  42.8 |      16 |       5 |  23.8
        D:7 |    1684 |       0 |   0.0 |      27 |       0 |   0.0
        D:8 |    2146 |       0 |   0.0 |      17 |       0 |   0.0
        D:9 |    2923 |     193 |   6.2 |      33 |       2 |   5.7
       D:10 |    2625 |     950 |  26.6 |      20 |       6 |  23.1
       D:11 |    4523 |       0 |   0.0 |      20 |       0 |   0.0
     Lair:1 |    6136 |       0 |   0.0 |      31 |       0 |   0.0
     Lair:2 |    7694 |    1701 |  18.1 |      31 |       4 |  11.4
     Lair:3 |    2865 |    1906 |  39.9 |       6 |      17 |  73.9
     Lair:4 |    2959 |       0 |   0.0 |       5 |       0 |   0.0
    Volcano |       0 |    7551 | 100.0 |       0 |      14 | 100.0
            +---------+---------+-------+---------+---------+-------
